 Dungeon Crawl Stone Soup version 0.22.1-1-ga44c0e56f4 (webtiles) character file.

26 Gargoyl the Skirmisher (level 2, -5/26 HPs)
             Began as a Centaur Abyssal Knight on Nov 9, 2018.
             Was a Follower of Lugonu.
             Slain by an ogre
             ... wielding a +0 giant club
              (8 damage)
             ... on level 2 of the Dungeon.
             The game lasted 00:02:40 (907 turns).

Gargoyl the Skirmisher (Centaur Abyssal Knight)      Turns: 907, Time: 00:02:40

Health: -5/26      AC:  7    Str: 14    XL:     2   Next: 89%
Magic:  0/12       EV:  1    Int: 11    God:    Lugonu [*.....]
Gold:   107        SH:  9    Dex:  8    Spells: 1/1 levels left

rFire    + . .     SeeInvis .   a - +2 hand axe
rCold    + . .     Gourm    .   e - +3 shield {rC+ rF+}
rNeg     . . .     Faith    .   d - +0 chain mail
rPois    .         Spirit   +   (no helmet)
rElec    .         Reflect  .   (no cloak)
rCorr    .         Harm     .   (no gloves)
MR       .....                  (no barding)
Stlth    ..........             n - amulet of guardian spirit
HPRegen  0.08/turn              f - ring of magical power
MPRegen  0.13/turn              (no ring)

@: very quick
A: large, hooves 3, deformed body, speed 2, tough skin 3
a: Depart the Abyss, Renounce Religion


You were on level 2 of the Dungeon.
You worshipped Lugonu.
Lugonu was aware of your devotion.
You were not hungry.

You visited 1 branch of the dungeon, and saw 2 of its levels.
You visited the Abyss 1 time.

You collected 107 gold pieces.

Inventory:

Hand Weapons
 a - a +2 hand axe (weapon)
Armour
 d - a +0 chain mail (worn)
 e - a +3 shield of resistance (worn)
Jewellery
 f - a ring of magical power (left hand)
 n - an amulet of guardian spirit (around neck)
Potions
 j - 2 potions of lignification {unknown}
 l - a potion of might {unknown}
Comestibles
 c - 5 rations


   Skills:
 + Level 3.2 Fighting
 + Level 1.9 Axes
 * Level 2.0 Armour
 + Level 0.6 Dodging
 + Level 0.5 Shields
 * Level 2.2 Invocations


You had one spell level left.
You didn't know any spells.
Your spell library was empty.

Dungeon Overview and Level Annotations

Branches:
Dungeon (2/15)

Altars:

Annotations:
D:2 Natasha


Innate Abilities, Weirdness & Mutations

You have hooves in place of feet.
Armour fits poorly on your strangely shaped body.
You cover ground very quickly.
You have extremely tough skin. (AC +3)


Message History

c - 5 rations (gained 1)
An ogre comes into view. It is wielding a giant club.
An ogre is nearby!
You barely miss the ogre. You kick the ogre!
The ogre is moderately wounded.
The ogre hits you with a giant club!
Your shield and chain mail prevent you from hitting the ogre.
The ogre is moderately wounded.
You block the ogre's attack.
You slash the ogre! You kick the ogre.
The ogre is severely wounded.
The ogre hits you with a giant club!!
Ouch! That really hurt!
* * * LOW HITPOINT WARNING * * *
You hear an angry hiss.
You hit the ogre.
The ogre is severely wounded.
Natasha, Servant of Life and Death comes into view.
The ogre hits you with a giant club!
You die...

#......#####.##.##
#####..#
#.#...########**
**#..#
#...#.........,*
*#,...#
###...########,*
##.###.#*
#...#....#####.#******
#.#* ##.*
#..###.#........,,,,,*
#.# *.# #.#*
#...#####.#****,* #)##
**.# ##,*##.### *,*
*,* ..<#**,## *,,#@##
*,* **,* ###..[#*
#..O## *,* *,,* *#.##
#..#* *,* *,** *.#
#.h** *,****,* *,#
#.,,* *,,,,*,* *,*
***##,,* ****,*,* *,*
*,,,,,,* *,*,* *,*
*,****,* *,*,* *,* *,*
*,****** *,*,*


You could see an ogre and Natasha.

Vanquished Creatures
  A dart slug (D:1)
  2 giant cockroaches (D:1)
  4 goblins
  A hobgoblin (D:1)
  2 jackals (D:1)
  A ball python (D:1)
  4 bats (D:1)
  A frilled lizard (D:1)
  4 kobolds
  5 rats (D:1)
25 creatures vanquished.

Notes
Turn   | Place    | Note
-------+----------+-------------------------------------------
     0 | Abyss:1  | Gargoyl the Centaur Abyssal Knight began the quest for the
                  | Orb.
     0 | Abyss:1  | Reached XP level 1. HP: 19/19 MP: 2/2
    42 | Abyss:1  | Noticed an orc sorcerer
    51 | Abyss:1  | Noticed an ancient zyme
    60 | Abyss:2  | Found a bloodstained altar of Trog.
    99 | Abyss:3  | Found a corrupted altar of Lugonu.
   106 | Abyss:3  | Identified a scroll of acquirement
   123 | Abyss:3  | Noticed a freezing wraith
   127 | D:1      | Escaped the Abyss
   145 | D:1      | Reached * piety under Lugonu
   298 | D:1      | Reached XP level 2. HP: 24/26 MP: 3/3
   900 | D:2      | Noticed an ogre
   907 | D:2      | Noticed Natasha
   907 | D:2      | Slain by an ogre

Skill      XL: |  1  2 |
---------------+-------+-----
Armour         | 2 |  2.0
Fighting       | |  3.2
Axes           | |  1.9
Dodging        | |  0.6
Shields        | |  0.5
Invocations    | |  2.2

Action                   || total
-------------------------++-------
Melee: Hand axe          ||    60
       Kick              ||     8
Invok: Depart the Abyss  ||     1
  Use: Scroll            ||     7
       Potion            ||     1
Armor: Chain mail        ||    58
Dodge: Dodged            ||     1
Block: Shield            ||    37
